 Dungeon Crawl Stone Soup version 0.31.0-32-g396128a36d (webtiles) character file.

Game seed: 12587693124297514861

385 Julppu the Chopper (level 6, 0/53 HPs)
             Began as a Minotaur Fighter on Apr 3, 2024.
             Slain by Pikel
             ... wielding a +2 whip of electrocution
              (1 damage)
             ... on level 4 of the Dungeon on Apr 8, 2024.
             The game lasted 00:16:36 (2317 turns).

Julppu the Chopper (Minotaur Fighter)               Turns: 2317, Time: 00:16:37

Health: 0/53       AC: 11    Str: 23    XL:     6   Next: 48%
Magic:  5/5        EV:  8    Int:  5    God:
Gold:   176        SH:  4    Dex:  9    Spells: 5/5 levels left

rFire   + . .        a - +0 war axe
rCold   + . .        c - +0 buckler
rNeg    . . .        u - +0 chain mail
rPois   .            (helmet restricted)
rElec   .            (no cloak)
rCorr   .            b - +0 pair of gloves
SInv    .            (no boots)
Will    .....        (no amulet) Stlth
                     f - ring of protection from cold
HPRegen 0.28/turn    g - ring of protection from fire
MPRegen 0.09/turn

%: no passive effects
@: no status effects
A: horns 2, retaliatory headbutt
a: no special abilities


You were on level 4 of the Dungeon.
You visited 1 branch of the dungeon, and saw 4 of its levels.
You also visited: Sewer.

You collected 176 gold pieces.

Inventory:

Hand Weapons
 a - a +0 war axe (weapon)
Armour
 b - a +0 pair of gloves (worn)
 c - a +0 buckler (worn)
 u - a +0 chain mail (worn)
Jewellery
 f - a ring of protection from cold (left hand)
 g - a ring of protection from fire (right hand)
 i - a +6 ring of intelligence
 l - a ring of ice
 r - an amulet of faith
 t - a ring of ice
 w - an amulet of magic regeneration
Scrolls
 e - a scroll of poison {unknown}
 h - a scroll of enchant armour {unknown}
 k - 2 scrolls of blinking {unknown}
 m - a scroll of fear {unknown}
 p - 2 scrolls of teleportation {unknown}
Potions
 d - a potion of might
 j - a potion of brilliance {unknown}
 n - a potion of curing {unknown}
 o - a potion of haste {unknown}
 q - a potion of invisibility {unknown}
 s - a potion of enlightenment {unknown}
 v - a potion of magic {unknown}


   Skills:
 + Level 4.7 Fighting
 + Level 5.7 Axes
 + Level 5.3 Armour
 + Level 1.1 Dodging
 + Level 0.1 Stealth
 + Level 4.6 Shields


You had 5 spell levels left.
You didn't know any spells.
Your spell library contained the following spells:

 Spells                   Type           Power      Damage    Failure   Level
 Magic Dart               Conj           0%         1d3       98%         1
 Slow                     Hex            0%         N/A       98%         1
 Blink                    Tloc           0%         N/A       99%         2
 Call Imp                 Summ           0%         N/A       99%         2
 Confusing Touch          Hex            0%         N/A       100%        3
 Sigil of Binding         Hex            0%         N/A       100%        3
 Vampiric Draining        Necr           0%         2d6       100%        3


Dungeon Overview and Level Annotations

Branches:
Dungeon (4/15)              Sewer (visited)
 Temple: D:4-7

Altars:
Gozag

Annotations:
D:4 Menkaure, Pikel


Innate Abilities, Weirdness & Mutations

You have a pair of horns on your head.
You reflexively headbutt those who attack you in melee.


Message History

Pikel hits you with a +2 whip of electrocution.
You closely miss Pikel.
Pikel is lightly wounded.
Pikel hits you but does no damage.
Pikel hits you with a +2 whip of electrocution.
You closely miss Pikel. Your headbutt misses Pikel.
Pikel is lightly wounded.
Pikel hits you with a +2 whip of electrocution.
You hit Pikel.
Pikel is lightly wounded.
Pikel says, "You'll rot in Tartarus!"
Pikel hits you with a +2 whip of electrocution.
You are electrocuted!
Menkaure gestures wildly while chanting.
Menkaure seems to speed up.
You closely miss Pikel.
Pikel is lightly wounded.
Pikel hits you with a +2 whip of electrocution.
You completely miss Pikel.
Pikel is lightly wounded.
You hit Menkaure but do no damage. Menkaure barely misses you.
You furiously retaliate!
You headbutt Menkaure!
Pikel hits you with a +2 whip of electrocution!
Menkaure closely misses you.
You barely miss Pikel.
Pikel is lightly wounded.
You hit Menkaure but do no damage.
Pikel hits you with a +2 whip of electrocution.
* * * LOW HITPOINT WARNING * * *
Menkaure hits you.
* * * LOW HITPOINT WARNING * * *
Pikel says, "You'll make a fine lemure."
Pikel hits you with a +2 whip of electrocution.
* * * LOW HITPOINT WARNING * * *
You hit Menkaure.
Menkaure is severely damaged.
You slash Pikel! You block Menkaure's attack.
Pikel hits you with a +2 whip of electrocution.
You die...
Pikel says, "See you in Hell!"

#...###
.####....#
.......#.#
#...).#######
###.)..<....#
#.#)...##.#
#...##.##
###.....###
........?.@#
########..MK55#
#..###5S...
#..# ..## #..#
## #... ##..
...


You could see Pikel, 3 lemures, Menkaure (fast) and a ball python.

Vanquished Creatures
  2 kobold brigands (D:3)
  A bombardier beetle (D:3)
  An orc priest (D:3)
  A hell rat (Sewer)
  6 adders
  2 river rats (Sewer)
  2 dart slugs
  2 ribbon worms
  7 orcs
  5 ball pythons
  4 bats
  5 endoplasms
  2 giant cockroaches
  3 goblins
  6 hobgoblins
  3 jackals (D:2)
  14 kobolds
  3 quokkas (D:2)
  2 frilled lizards
  11 rats
82 creatures vanquished.

Notes
Turn   | Place    | Note
-------+----------+-------------------------------------------
     0 | D:1      | Julppu the Minotaur Fighter began the quest for the Orb.
     0 | D:1      | Reached XP level 1. HP: 19/19 MP: 0/0
   341 | D:1      | Reached XP level 2. HP: 23/27 MP: 1/1
   641 | D:2      | Identified the +4 rapier of a wizard's laboratory {vamp,
                  | *Corrode rN+++ Str+7}
   739 | D:2      | Reached XP level 3. HP: 29/33 MP: 2/2
   787 | D:2      | Identified the +7 quarterstaff "Ahogonal" {drain, +Blink
                  | Str+4 Int-3 SInv}
  1135 | D:3      | Reached XP level 4. HP: 21/40 MP: 3/3
  1272 | D:3      | Found a glowing drain.
  1290 | Sewer    | Entered a sewer
  1299 | Sewer    | Reached XP level 5. HP: 42/46 MP: 4/4
  1715 | D:3      | Reached skill level 5 in Axes
  1989 | D:3      | Found an opulent altar of Gozag.
  2001 | D:3      | Reached skill level 5 in Armour
  2001 | D:3      | Reached skill level 1 in Dodging
  2001 | D:3      | Reached XP level 6. HP: 42/53 MP: 5/5
  2075 | D:3      | Identified the +13 plate armour "Bimer" {rF+}
  2305 | D:4      | Noticed Pikel
  2307 | D:4      | Noticed Menkaure
  2316 | D:4      | HP: 1/53 [Pikel/+2 whip of electrocution (6)]
  2317 | D:4      | Slain by Pikel

Illustrated notes

Levels and vault maps discovered:
D:1:      onia_arrival_handbag, layout_basic, moated_statue
D:2:      layout_basic
D:3:      cheibrodos_thug_alley, layout_basic, nicolae_gozag_seed_capital,
          cheibrodos_sewer_entry_drain
D:4:      layout_rooms, minmay_temple_entry_fiery, uniq_pikel, uniq_robin,
          uniq_menkaure

Skill      XL: |  1  2  3  4  5 |
---------------+----------------+-----
Armour         | 4 5 |  5.3
Shields        | 4 |  4.6
Axes           | 3 4 5 |  5.7
Fighting       | 4 |  4.7
Dodging        | 1 |  1.1
Stealth        | |  0.1

Action                     |  1- 3 |  4- 6 || total
---------------------------+-------+-------++-------
  Melee: War axe           |    62 |   131 ||   193
         Headbutt          |     4 |    13 ||    17
 Armour: Scale mail        |    53 |    33 ||    86
         Chain mail        |       |    64 ||    64
  Dodge: Dodged            |    28 |    53 ||    81
  Block: Buckler           |    20 |    29 ||    49
